[Event "FIDE Womens Grand Swiss 2023"]
[Site "Douglas/Isle of Man"]
[Date "2023.10.29"]
[Round "5.19"]
[White "Mkrtchyan, Mariam"]
[Black "Batsiashvili, Nino"]
[Result "1/2-1/2"]
[ECO "A58"]
[WhiteElo "2343"]
[BlackElo "2475"]
[Annotator "RC"]
[PlyCount "231"]
[EventDate "2023.10.04"]
[EventType "swiss"]
[EventCountry "GBR"]
[SourceTitle "playchess.com"]
[Source "ChessBase"]
[SourceQuality "1"]
[TimeControl "40/6000+30:20/3000+30:900+30"]

1. d4 Nf6 2. c4 c5 3. d5 b5 4. cxb5 a6 5. bxa6 e6 6. dxe6 fxe6 7. Nc3 Bxa6 8. g3 d5 9. Bg2 Nc6 10. Nh3 Bd6 11. O-O O-O 12. Bf4 Kh8 13. Re1 Ne5 14. e4 d4 15. Na4 Bb5 16. Nxc5 Bxc5 17. Bxe5 d3 18. Bc3 Qd7 19. Kh1 e5 20. f3 Ra6 21. Qd2 Re8 22. Nf2 Qa7 23. Nd1 Rxa2 24. Rxa2 Qxa2 25. f4 exf4 26. gxf4 Qf7 27. f5 Nh5 28. Qg5 Bc6 29. f6 Bf8 30. fxg7+ Bxg7 31. Bxg7+ Nxg7 32. Qc5 Qd7 33. Nc3 Ne6 34. Qe5+ Ng7 35. Qf6 Kg8 36. Rd1 Rf8 37. Qg5 Rf2 38. b4 d2 39. b5 Bb7 40. Qe3 Qf7 41. Kg1 Rf6 42. Rxd2 Rg6 43. Rd8+ Ne8 44. Qd4 Qe7 45. Qd7 Kf7 46. Kf2 Nd6 47. Bf3 Rf6 48. Ke2 Rh6 49. e5 Rxh2+ 50. Kd3 Bxf3 51. exd6 Qxd7 52. Rxd7+ Ke6 53. Rd8 h5 54. Ke3 Rh3 55. Kf4 Bh1 56. Ne2 Rd3 57. Rh8 Rf3+ 58. Kg5 Kxd6 59. Rxh5 Re3 60. Nd4 Re1 61. Kf6 Be4 62. b6 Rf1+ 63. Kg7 Rb1 64. Nb5+ Kc6 65. b7 Kxb7 66. Nd6+ Kc6 67. Nxe4 Rf1 68. Nf6 Kd6 69. Kf7 Kc6 70. Rh2 Kd6 71. Re2 Rh1 72. Rd2+ Kc6 73. Ke6 Re1+ 74. Kf5 Rf1+ 75. Ke5 Rh1 76. Rc2+ Kb5 77. Ne4 Kb4 78. Rc8 Re1 79. Kd4 Rd1+ 80. Ke3 Re1+ 81. Kd3 Rd1+ 82. Nd2 Kb5 83. Rc2 Rh1 84. Kd4 Rh4+ 85. Ne4 Kb6 86. Kd5 Rh5+ 87. Ke6 Rh6+ 88. Nf6 Kb5 89. Ke5 Rh1 90. Ng4 Rh4 91. Ne3 Rh5+ 92. Nf5 Kb4 93. Ke4 Rh8 94. Nd6 Rh4+ 95. Kd3 Rh3+ 96. Kd4 Rh4+ 97. Ne4 Kb5 98. Rc1 Kb6 99. Rg1 Rh6 100. Kd5 Rh5+ 101. Ng5 Kc7 102. Ke6 Rh6+ 103. Ke5 Rh5 104. Kf6 Kc6 105. Nf7 Rh2 106. Ke6 Kc5 107. Ne5 Rh6+ 108. Kf5 Rh5+ 109. Ke4 Rh4+ 110. Ng4 Kd6 111. Kf5 Rh5+ 112. Kf6 Rh3 113. Rd1+ Kc5 114. Ke5 Rh5+ 115. Kf4 Rh4 116. Ke4 1/2-1/2

[Event "FIDE Womens Grand Swiss 2023"]
[Site "Douglas/Isle of Man"]
[Date "2023.10.30"]
[Round "6.2"]
[White "Vaishali, Rameshbabu"]
[Black "Goryachkina, Aleksandra"]
[Result "1/2-1/2"]
[ECO "C54"]
[WhiteElo "2448"]
[BlackElo "2558"]
[Annotator "TA"]
[PlyCount "82"]
[EventDate "2023.10.04"]
[EventType "swiss"]
[EventCountry "GBR"]
[SourceTitle "playchess.com"]
[Source "ChessBase"]
[SourceQuality "1"]
[TimeControl "40/6000+30:20/3000+30:900+30"]

1. e4 e5 2. Nf3 Nc6 3. Bc4 Bc5 4. c3 Nf6 5. d3 d6 6. O-O h6 7. Re1 O-O 8. h3 (8. b4 $5 Bb6 $8 9. a4 $11) 8... Bb6 {[%emt 0:01:48] C54: Giuoco Piano: 4 c3 Nf6, main lines with 5 d4 and 5 d3.} 9. Nbd2 a5 10. Bb5 {[%emt 0:08:00] [#]} Bd7 $146 ({Predecessor:} 10... Be6 11. Nf1 Ne7 12. Ng3 Nd7 13. d4 f5 14. exf5 Nxf5 15. Nxf5 Bxf5 16. Bc4+ Kh8 17. dxe5 Nxe5 18. Nxe5 dxe5 19. Qxd8 Raxd8 {½-½ Sevian,S (2684)-Dominguez Perez,L (2754) FTX Road to Miami Prelim 2022 (13)}) 11. a4 Ne7 12. Bxd7 Nxd7 13. Nc4 Bc5 14. d4 exd4 15. Nxd4 Bxd4 16. Qxd4 Nc5 {[%emt 0:00:45] [#] And now ...Nb3 would win.} 17. Qd1 {[%emt 0:07:33] Wards off Nb3} Qd7 18. Qc2 (18. b3 $5) 18... Ng6 19. Be3 Qc6 20. Nd2 Rfe8 21. Bd4 Nf4 22. Re3 ({White should try} 22. Be3 $11 Nfe6 23. b3) 22... d5 ({Black should play} 22... Nce6 $15 23. Qd1 f5) 23. Bxc5 $11 {[%emt 0:05:16] The position is equal.} Qxc5 24. Rae1 Re6 25. Nb3 Qe7 26. Nd4 Rxe4 (26... Rg6 {seems wilder.} 27. g3 Qd7 28. Nf5 Nxh3+ 29. Kg2 Nf4+) 27. Rxe4 dxe4 28. Qxe4 Qxe4 29. Rxe4 {[%emt 0:00:02][%mdl 4096] Endgame KRN-KRN} Nd3 30. b3 Kf8 31. Re3 Nc5 32. Kf1 Re8 33. Ke2 Ne4 34. Kf3 Nc5 35. h4 h5 36. Kf4 Rxe3 37. Kxe3 Ke7 38. f3 Kf6 39. Kf4 c6 40. g3 g6 41. g4 Nd3+ {[%emt 0:25:42] An interesting draw.   Weighted Error Value: White=0.10 (very precise) /Black=0.09 (flawless)} 1/2-1/2

[Event "FIDE Womens Grand Swiss 2023"]
[Site "Douglas/Isle of Man"]
[Date "2023.11.01"]
[Round "7.1"]
[White "Goryachkina, Aleksandra"]
[Black "Muzychuk, Anna"]
[Result "1/2-1/2"]
[ECO "C78"]
[WhiteElo "2558"]
[BlackElo "2510"]
[Annotator "TA"]
[PlyCount "82"]
[EventDate "2023.10.04"]
[EventType "swiss"]
[EventCountry "GBR"]
[SourceTitle "playchess.com"]
[Source "ChessBase"]
[SourceQuality "1"]
[TimeControl "40/6000+30:20/3000+30:900+30"]

1. e4 {[%emt 0:10:26] Hecht,Hans Joachim} e5 2. Nf3 Nc6 3. Bb5 a6 4. Ba4 Nf6 5. O-O Bc5 6. d3 d6 7. h3 b5 8. Bb3 Na5 {[%emt 0:00:23] C78: Ruy Lopez: Archangelsk and Möller Defences.} 9. Nc3 {[%emt 0:04:59] 9.Be3 is setting a new trend.} h6 10. Ne2 O-O 11. Ng3 Re8 12. Bd2 {[%emt 0:05:18] [#]} Nxb3 $146 ({Predecessor:} 12... Bb6 13. Qe2 c6 14. c4 Nb7 15. Bc2 Nc5 16. Be3 Ne6 17. b4 a5 18. a3 Bxe3 19. fxe3 bxc4 20. dxc4 {0-1 Movsesian,S (2635)-Adams,M (2685) Hastings 9697 1996 (8)}) 13. axb3 d5 14. Qe2 Bb7 15. Rfd1 Qd7 16. Nh2 dxe4 17. dxe4 Qc6 (17... Nxe4 $5 18. Nxe4 Qc6 $15) 18. Re1 $1 {[%emt 0:01:14] The position is equal.} Rad8 19. b4 Bd4 {[%emt 0:01:06] This pair of bishops is nice.} 20. c3 Bb6 21. Rad1 a5 22. bxa5 Bxa5 23. Ng4 Nxg4 24. hxg4 (24. Qxg4 {is interesting.} Bc8 25. Nf5 Bxf5 26. exf5 Bb6 27. Be3) 24... Bc8 25. Nf5 Bxf5 26. exf5 f6 27. Be3 Bb6 28. Bxb6 cxb6 29. Rxd8 Rxd8 30. Rd1 Rxd1+ 31. Qxd1 $11 {[%emt 0:00:01][%mdl 4096] Endgame KQ-KQ} Qe4 32. Qb3+ Qc4 33. Qd1 Kh7 34. f3 b4 35. cxb4 Qxb4 36. Qe2 Qc5+ 37. Kf1 Qc1+ 38. Kf2 Qc5+ 39. Kf1 Qc1+ 40. Kf2 Qc5+ 41. Kf1 Qc1+ {[%emt 0:50:31] Weighted Error Value: White=0.04 (flawless) /Black=0.04 (flawless)} 1/2-1/2

[Event "FIDE Womens Grand Swiss 2023"]
[Site "Douglas/Isle of Man"]
[Date "2023.11.01"]
[Round "7.2"]
[White "Assaubayeva, Bibisara"]
[Black "Vaishali, Rameshbabu"]
[Result "0-1"]
[ECO "A34"]
[WhiteElo "2469"]
[BlackElo "2448"]
[Annotator "ChessBase"]
[PlyCount "158"]
[EventDate "2023.10.04"]
[EventType "swiss"]
[EventCountry "GBR"]
[SourceTitle "playchess.com"]
[Source "ChessBase"]
[SourceQuality "1"]
[TimeControl "40/6000+30:20/3000+30:900+30"]

1. Nf3 Nf6 2. g3 c5 3. Bg2 Nc6 4. c4 d5 5. cxd5 Nxd5 6. Nc3 Nc7 7. O-O e5 8. a3 Rb8 9. d3 Be7 10. Nd2 O-O 11. Nc4 f6 12. f4 exf4 13. Bxf4 Be6 14. e4 Rc8 15. Qe2 Nd4 16. Qf2 b5 17. Bxc7 Qxc7 18. Ne3 Bd6 19. Kh1 Be5 20. Ncd5 Qd6 21. a4 a6 22. axb5 axb5 23. Ra7 Ra8 24. Rfa1 Rxa7 25. Rxa7 Qb8 26. Ra5 Qb7 27. Qe1 Nc6 28. Ra2 Ra8 29. Qa1 Rxa2 30. Qxa2 Qa7 31. Nxf6+ Kf7 32. Qxa7+ Nxa7 33. Nxh7 Bxb2 34. Ng5+ Kf6 35. Nxe6 Kxe6 36. Kg1 Bd4 37. Kf2 b4 38. Bh3+ Kf7 39. Ke2 b3 40. Nc4 b2 41. Nxb2 Bxb2 42. Bd7 Ke7 43. Ba4 Nc8 44. Ke3 Kf6 45. Bd7 Nd6 46. Bc6 Ke5 47. Bd5 Bc1+ 48. Ke2 Kd4 49. Bc6 Nf7 50. Be8 Ne5 51. Bb5 Kc3 52. h3 Bh6 53. Ba6 Nc6 54. Bc4 Kc2 55. h4 Kc3 56. Ba6 Kd4 57. Bb5 Na5 58. Ba4 Bc1 59. Bc2 Nc6 60. Ba4 Nb4 61. Bb5 Bh6 62. Bc4 Nc2 63. Bb3 Na3 64. Ba2 Nb5 65. Bc4 Nc3+ 66. Kf3 Nxe4 67. Bf7 Nd2+ 68. Ke2 Kc3 69. Bd5 Kd4 70. Bf7 Nb1 71. Bc4 Na3 72. Ba6 Nc2 73. Bb5 Kc3 74. Bc4 Nd4+ 75. Ke1 Nb3 76. g4 Bd2+ 77. Ke2 Nc1+ 78. Kf3 Nxd3 79. Be6 Kd4 0-1

[Event "FIDE Womens Grand Swiss 2023"]
[Site "Douglas/Isle of Man"]
[Date "2023.11.01"]
[Round "7.3"]
[White "Muzychuk, Mariya"]
[Black "Stefanova, Antoaneta"]
[Result "0-1"]
[ECO "C72"]
[WhiteElo "2519"]
[BlackElo "2424"]
[Annotator "ChessBase"]
[PlyCount "124"]
[EventDate "2023.10.04"]
[EventType "swiss"]
[EventCountry "GBR"]
[SourceTitle "playchess.com"]
[Source "ChessBase"]
[SourceQuality "1"]
[TimeControl "40/6000+30:20/3000+30:900+30"]

1. e4 e5 2. Nf3 Nc6 3. Bb5 a6 4. Ba4 d6 5. O-O Bd7 6. c4 Bg4 7. d4 exd4 8. Re1 Be7 9. h3 Bxf3 10. Qxf3 Bf6 11. e5 dxe5 12. Bxc6+ bxc6 13. Qxc6+ Kf8 14. Nd2 Ne7 15. Qf3 Ng6 16. Ne4 Be7 17. Ng3 Rb8 18. Nf5 h5 19. b3 Kg8 20. Qg3 Bf6 21. Ba3 Bg5 22. h4 Bf6 23. Rad1 Qc8 24. Qf3 Bxh4 25. Bc1 Bf6 26. Nh6+ Rxh6 27. Bxh6 Nh4 28. Qxh5 gxh6 29. Rd3 Ng6 30. Qxh6 Qg4 31. Rg3 Qf5 32. Rf3 Qg5 33. Qh3 Bg7 34. Qd7 Qe7 35. Qc6 Rb6 36. Qa8+ Bf8 37. Re4 c5 38. Qd5 Qe6 39. Qd8 f5 40. Re1 f4 41. Rh3 Rd6 42. Qc7 Rd7 43. Qc8 Qd6 44. Rh5 d3 45. Rd1 d2 46. Rg5 Kg7 47. Qe8 Rf7 48. Qa8 Kf6 49. Rh5 Rd7 50. Qe4 Kg7 51. Rg5 Qf6 52. Rg4 Rd4 53. Qb7+ Be7 54. f3 Kf7 55. Qc8 Rd8 56. Qb7 Qf5 57. Kf2 Qc2 58. Qe4 Qxe4 59. fxe4 Bh4+ 60. Ke2 Be1 61. Rg5 Rd4 62. Kf3 Nh4+ 0-1

[Event "FIDE Womens Grand Swiss 2023"]
[Site "Douglas/Isle of Man"]
[Date "2023.11.01"]
[Round "7.4"]
[White "Tan, Zhongyi"]
[Black "Tsolakidou, Stavroula"]
[Result "1/2-1/2"]
[ECO "E68"]
[WhiteElo "2517"]
[BlackElo "2385"]
[Annotator "ChessBase"]
[PlyCount "76"]
[EventDate "2023.10.04"]
[EventType "swiss"]
[EventCountry "GBR"]
[SourceTitle "playchess.com"]
[Source "ChessBase"]
[SourceQuality "1"]
[TimeControl "40/6000+30:20/3000+30:900+30"]

1. d4 Nf6 2. c4 g6 3. Nc3 Bg7 4. g3 O-O 5. Bg2 d6 6. Nf3 Nbd7 7. O-O e5 8. e4 exd4 9. Nxd4 Re8 10. h3 Nc5 11. Re1 h6 12. Rb1 a5 13. b3 Bd7 14. Ndb5 Qc8 15. h4 Bg4 16. Qc2 Qd7 17. Bf4 Nh5 18. Be3 c6 19. Nd4 f5 20. Qd2 fxe4 21. Bxh6 Nf6 22. Na4 Nxa4 23. bxa4 Re7 24. Rb3 Qe8 25. Reb1 Bxh6 26. Qxh6 Qf7 27. Qg5 Rf8 28. R1b2 Bc8 29. Ne2 Qxc4 30. Nf4 Rg7 31. Qxa5 d5 32. Rc3 Qd4 33. Qb4 Qd1+ 34. Bf1 Nh5 35. Rb1 Qd2 36. Rb2 Qd1 37. Rb1 Qd2 38. Rb2 Qd1 1/2-1/2

[Event "FIDE Womens Grand Swiss 2023"]
[Site "Douglas/Isle of Man"]
[Date "2023.11.01"]
[Round "7.5"]
[White "Milliet, Sophie"]
[Black "Efroimski, Marsel"]
[Result "1-0"]
[ECO "B13"]
[WhiteElo "2391"]
[BlackElo "2447"]
[Annotator "ChessBase"]
[PlyCount "89"]
[EventDate "2023.10.04"]
[EventType "swiss"]
[EventCountry "GBR"]
[SourceTitle "playchess.com"]
[Source "ChessBase"]
[SourceQuality "1"]
[TimeControl "40/6000+30:20/3000+30:900+30"]

1. e4 c6 2. d4 d5 3. exd5 cxd5 4. Nf3 Nc6 5. Bb5 Bd7 6. O-O e6 7. c4 Bd6 8. Nc3 Nge7 9. Bg5 f6 10. Bh4 O-O 11. cxd5 exd5 12. Bg3 Bg4 13. Be2 Bxg3 14. hxg3 Nf5 15. Qd2 Rf7 16. Bd3 h5 17. Bxf5 Bxf5 18. Rfe1 Qd7 19. Re3 g5 20. Rae1 Kg7 21. a3 Rh8 22. b4 Ne7 23. Nxg5 fxg5 24. Rxe7 Rxe7 25. Qxg5+ Kf7 26. Rxe7+ Qxe7 27. Qxf5+ Qf6 28. Qxd5+ Kg6 29. Ne4 Qe7 30. f3 Rd8 31. Qc4 Qd7 32. Kh2 Qxd4 33. Qe6+ Kg7 34. Qe7+ Kg6 35. Qe6+ Kg7 36. Qe7+ Kg6 37. f4 Rd7 38. Qe6+ Kg7 39. f5 Rf7 40. Qg6+ Kf8 41. Ng5 Qd5 42. Qxf7+ Qxf7 43. Nxf7 Kxf7 44. g4 hxg4 45. Kg3 1-0

[Event "FIDE Womens Grand Swiss 2023"]
[Site "Douglas/Isle of Man"]
[Date "2023.11.01"]
[Round "7.6"]
[White "Munguntuul, Batkhuyag"]
[Black "Garifullina, Leya"]
[Result "1/2-1/2"]
[ECO "B90"]
[WhiteElo "2366"]
[BlackElo "2402"]
[Annotator "ChessBase"]
[PlyCount "76"]
[EventDate "2023.10.04"]
[EventType "swiss"]
[EventCountry "GBR"]
[SourceTitle "playchess.com"]
[Source "ChessBase"]
[SourceQuality "1"]
[TimeControl "40/6000+30:20/3000+30:900+30"]

1. e4 c5 2. Nf3 d6 3. d4 cxd4 4. Nxd4 Nf6 5. Nc3 a6 6. Be3 e5 7. Nf3 Be7 8. Bc4 Be6 9. Bb3 Nbd7 10. O-O b5 11. Qd3 Qc7 12. Rfd1 O-O 13. Bg5 Rfc8 14. Bxf6 Nxf6 15. a3 Bc4 16. Qe3 Qb7 17. h3 a5 18. Nd2 Bd8 19. Bxc4 bxc4 20. Na4 c3 21. Nxc3 Qxb2 22. Na4 Qxc2 23. Nb6 Rc3 24. Rdc1 Bxb6 25. Qxc3 Qxc3 26. Rxc3 Bd4 27. Rac1 Bxc3 28. Rxc3 Kf8 29. f3 Rd8 30. a4 d5 31. exd5 Nxd5 32. Rd3 Ke8 33. Nc4 f6 34. Nxa5 Nb6 35. Rxd8+ Kxd8 36. Nb7+ Kc7 37. Nc5 Kc6 38. Ne6 Nxa4 1/2-1/2

[Event "FIDE Womens Grand Swiss 2023"]
[Site "Douglas/Isle of Man"]
[Date "2023.11.01"]
[Round "7.7"]
[White "Shuvalova, Polina"]
[Black "Fataliyeva, Ulviyya"]
[Result "1-0"]
[ECO "C54"]
[WhiteElo "2506"]
[BlackElo "2393"]
[Annotator "ChessBase"]
[PlyCount "125"]
[EventDate "2023.10.04"]
[EventType "swiss"]
[EventCountry "GBR"]
[SourceTitle "playchess.com"]
[Source "ChessBase"]
[SourceQuality "1"]
[TimeControl "40/6000+30:20/3000+30:900+30"]

1. e4 e5 2. Nf3 Nc6 3. Bc4 Nf6 4. d3 Bc5 5. O-O d6 6. c3 O-O 7. h3 a5 8. Re1 h6 9. d4 exd4 10. cxd4 Bb4 11. Nc3 Re8 12. Bd3 d5 13. e5 Ne4 14. Qc2 Bf5 15. a3 Bxc3 16. bxc3 a4 17. Nh2 Qh4 18. Be3 Ne7 19. Rab1 b6 20. Nf3 Qh5 21. c4 c6 22. Rxb6 Bxh3 23. Bxe4 dxe4 24. Qxe4 Bf5 25. Qf4 Be6 26. Nd2 Qg6 27. Qe4 Qxe4 28. Nxe4 Reb8 29. Reb1 Rxb6 30. Rxb6 Bxc4 31. Rb7 Nf5 32. Rb4 Bd3 33. Nc5 Bc2 34. Kf1 Ne7 35. Rb7 Nd5 36. Bd2 Bf5 37. f3 Bc8 38. Rb2 Nc7 39. Rb4 Ba6+ 40. Nxa6 Rxa6 41. Rb8+ Kh7 42. Rb7 Nb5 43. d5 Nxa3 44. d6 Nb5 45. d7 Ra8 46. e6 a3 47. Rxb5 a2 48. Bc3 fxe6 49. Ra5 Rd8 50. Rxa2 Rxd7 51. Ra6 Kg6 52. Rxc6 Kf7 53. Be5 Rd1+ 54. Ke2 Rd5 55. Rc7+ Kg8 56. Bxg7 Rg5 57. Bxh6 Rxg2+ 58. Kd3 Rg6 59. Bf4 Kf8 60. Bd6+ Ke8 61. Ke4 Kd8 62. Re7 Rh6 63. f4 1-0

[Event "FIDE Womens Grand Swiss 2023"]
[Site "Douglas/Isle of Man"]
[Date "2023.11.01"]
[Round "7.8"]
[White "Bulmaga, Irina"]
[Black "Dronavalli, Harika"]
[Result "1-0"]
[ECO "C54"]
[WhiteElo "2423"]
[BlackElo "2502"]
[Annotator "ChessBase"]
[PlyCount "92"]
[EventDate "2023.10.04"]
[EventType "swiss"]
[EventCountry "GBR"]
[SourceTitle "playchess.com"]
[Source "ChessBase"]
[SourceQuality "1"]
[TimeControl "40/6000+30:20/3000+30:900+30"]

1. e4 e5 2. Nf3 Nc6 3. Bc4 Bc5 4. c3 Nf6 5. d4 exd4 6. e5 d5 7. Be2 Ne4 8. cxd4 Bb6 9. O-O O-O 10. Nc3 Be6 11. Be3 f6 12. Bb5 Bg4 13. exf6 Nxf6 14. Be2 Qd6 15. h3 Bh5 16. Rc1 Rae8 17. a3 Kh8 18. Na4 Ne4 19. Nxb6 cxb6 20. g4 Bg6 21. Bb5 Re7 22. Nh4 Qf6 23. Nxg6+ hxg6 24. Kg2 Qd6 25. Bd3 Ref7 26. Rc2 Ne7 27. Qe1 Qf6 28. f3 Nd6 29. h4 Qe6 30. Re2 Ne4 31. Bg1 Qc6 32. Re3 Qd7 33. fxe4 Rxf1 34. Bxf1 Qxg4+ 35. Rg3 Qf4 36. Bd3 dxe4 37. Qxe4 Qf7 38. Qf3 Qg8 39. Qe2 Nd5 40. Be3 Qe6 41. Bg5 Qc6 42. Rf3 Nf4+ 43. Bxf4 Rxf4 44. d5 Rg4+ 45. Kh3 Qa4 46. Rf8+ Kh7 1-0

[Event "FIDE Womens Grand Swiss 2023"]
[Site "Douglas/Isle of Man"]
[Date "2023.11.01"]
[Round "7.9"]
[White "Cori T., Deysi"]
[Black "Mammadzada, Gunay"]
[Result "1-0"]
[ECO "A06"]
[WhiteElo "2367"]
[BlackElo "2441"]
[Annotator "ChessBase"]
[PlyCount "81"]
[EventDate "2023.10.04"]
[EventType "swiss"]
[EventCountry "GBR"]
[SourceTitle "playchess.com"]
[Source "ChessBase"]
[SourceQuality "1"]
[TimeControl "40/6000+30:20/3000+30:900+30"]

1. Nf3 d5 2. e3 c5 3. b3 Nc6 4. Bb2 e6 5. Bb5 Bd7 6. O-O Nf6 7. d3 Be7 8. c4 O-O 9. Nc3 a6 10. Bxc6 Bxc6 11. Ne5 Rc8 12. Rc1 b6 13. Nxc6 Rxc6 14. Qf3 Qd7 15. cxd5 Nxd5 16. Ne2 Bf6 17. d4 Rfc8 18. e4 Ne7 19. Rcd1 cxd4 20. Qg4 Rd6 21. Ba3 e5 22. Qg3 Re6 23. f4 exf4 24. Nxf4 Be5 25. Qd3 Rf6 26. Ne2 Rxf1+ 27. Rxf1 b5 28. h3 h6 29. Rd1 Nc6 30. Rc1 Rd8 31. Bc5 Bf6 32. Kh1 Qb7 33. Rf1 Ne5 34. Qg3 d3 35. Nc3 d2 36. Rxf6 Rd3 37. Qxe5 d1=Q+ 38. Nxd1 Rxd1+ 39. Kh2 gxf6 40. Qg3+ Kh7 41. Bf8 1-0

[Event "FIDE Womens Grand Swiss 2023"]
[Site "Douglas/Isle of Man"]
[Date "2023.11.01"]
[Round "7.10"]
[White "Kamalidenova, Meruert"]
[Black "Ushenina, Anna"]
[Result "0-1"]
[ECO "C42"]
[WhiteElo "2351"]
[BlackElo "2434"]
[Annotator "ChessBase"]
[PlyCount "98"]
[EventDate "2023.10.04"]
[EventType "swiss"]
[EventCountry "GBR"]
[SourceTitle "playchess.com"]
[Source "ChessBase"]
[SourceQuality "1"]
[TimeControl "40/6000+30:20/3000+30:900+30"]

1. e4 e5 2. Nf3 Nf6 3. Nxe5 d6 4. Nf3 Nxe4 5. d4 d5 6. Bd3 Bd6 7. O-O O-O 8. c4 c6 9. Re1 Bf5 10. Qb3 Na6 11. Bxe4 dxe4 12. Bg5 Qc7 13. Nh4 Be6 14. g3 f5 15. Nc3 Qf7 16. d5 cxd5 17. cxd5 Bd7 18. Ng2 Nc5 19. Qa3 Rfc8 20. Bf4 Bf8 21. Red1 Nd3 22. Qb3 Nc5 23. Qc2 b5 24. Qd2 b4 25. Ne2 Nd3 26. d6 Qf6 27. Nc1 Nxb2 28. Bg5 Qe5 29. Bf4 Qf6 30. Bg5 Qc3 31. Qd5+ Kh8 32. Ne2 Qc4 33. Ne3 Qxe2 34. Rd2 Qh5 35. Rxb2 Qxg5 36. Rxb4 Qf6 37. Rd1 Qe6 38. Qa5 Rc6 39. Rbd4 h6 40. Rd5 g6 41. h4 Bg7 42. h5 f4 43. gxf4 Rf8 44. Qxa7 Rxf4 45. Rb5 gxh5 46. Rb7 Rf7 47. a4 Be5 48. a5 Qh3 49. Qa8+ Kh7 0-1

[Event "FIDE Womens Grand Swiss 2023"]
[Site "Douglas/Isle of Man"]
[Date "2023.11.01"]
[Round "7.11"]
[White "Paehtz, Elisabeth"]
[Black "Narva, Mai"]
[Result "1/2-1/2"]
[ECO "B30"]
[WhiteElo "2484"]
[BlackElo "2399"]
[Annotator "ChessBase"]
[PlyCount "90"]
[EventDate "2023.10.04"]
[EventType "swiss"]
[EventCountry "GBR"]
[SourceTitle "playchess.com"]
[Source "ChessBase"]
[SourceQuality "1"]
[TimeControl "40/6000+30:20/3000+30:900+30"]

1. e4 c5 2. Nf3 Nc6 3. Bc4 e6 4. O-O Nge7 5. Re1 Ng6 6. c3 Be7 7. d4 d5 8. exd5 exd5 9. Bf1 cxd4 10. Nxd4 O-O 11. Be3 Nce5 12. Nd2 Ng4 13. N2f3 Bd6 14. Qd2 Bd7 15. Bg5 Qa5 16. h3 N4e5 17. Nxe5 Nxe5 18. Nb3 Qc7 19. Qxd5 Be6 20. Qd1 h6 21. Bf4 a6 22. Nd4 Bd7 23. Bg3 Rae8 24. Qb3 Kh8 25. Qd5 f5 26. Bxe5 Bxe5 27. Rad1 f4 28. Nf3 Bc6 29. Qd3 Bf6 30. Qg6 Qf7 31. Rxe8 Qxe8 32. Qxe8 Rxe8 33. Nd4 Bd5 34. a3 b5 35. Bd3 Rd8 36. Bg6 Kg8 37. Re1 Bxd4 38. cxd4 Bf7 39. Bxf7+ Kxf7 40. Rd1 Rc8 41. Rd2 Rc1+ 42. Kh2 Ke6 43. g3 fxg3+ 44. Kxg3 Kd5 45. Kf4 Rc4 1/2-1/2

[Event "FIDE Womens Grand Swiss 2023"]
[Site "Douglas/Isle of Man"]
[Date "2023.11.01"]
[Round "7.12"]
[White "Injac, Teodora"]
[Black "Batsiashvili, Nino"]
[Result "1/2-1/2"]
[ECO "E15"]
[WhiteElo "2426"]
[BlackElo "2475"]
[Annotator "ChessBase"]
[PlyCount "99"]
[EventDate "2023.10.04"]
[EventType "swiss"]
[EventCountry "GBR"]
[SourceTitle "playchess.com"]
[Source "ChessBase"]
[SourceQuality "1"]
[TimeControl "40/6000+30:20/3000+30:900+30"]

1. d4 Nf6 2. Nf3 e6 3. c4 b6 4. g3 Bb4+ 5. Bd2 Bxd2+ 6. Qxd2 Ba6 7. b3 O-O 8. Bg2 d5 9. Nc3 c5 10. O-O Nc6 11. Rfd1 dxc4 12. Ne5 Nxd4 13. e3 Nf5 14. Nxc4 Qxd2 15. Rxd2 Rad8 16. Rad1 Rxd2 17. Rxd2 Rc8 18. Ne5 Ne7 19. g4 Nfd5 20. Nxd5 exd5 21. Bxd5 Nxd5 22. Rxd5 f6 23. Nc4 b5 24. Na3 Bb7 25. Rd7 Bc6 26. Rxa7 c4 27. bxc4 bxc4 28. Nb1 Bf3 29. Nc3 Bxg4 30. Kg2 Rd8 31. Kg3 Be6 32. Nb5 Rd1 33. Nd4 Rg1+ 34. Kf4 g5+ 35. Ke4 Bh3 36. Rc7 Rg2 37. f4 Rxh2 38. a4 Ra2 39. Rxc4 gxf4 40. exf4 Kg7 41. Nf5+ Kg6 42. Ne7+ Kf7 43. Nf5 Bg2+ 44. Kd4 Bf1 45. Rc7+ Kf8 46. Rc8+ Kf7 47. Rc7+ Kf8 48. Rc8+ Kf7 49. Rc7+ Kg8 50. Rc8+ 1/2-1/2

[Event "FIDE Womens Grand Swiss 2023"]
[Site "Douglas/Isle of Man"]
[Date "2023.11.01"]
[Round "7.13"]
[White "Cramling, Pia"]
[Black "Danielian, Elina"]
[Result "1-0"]
[ECO "A34"]
[WhiteElo "2446"]
[BlackElo "2416"]
[Annotator "ChessBase"]
[PlyCount "81"]
[EventDate "2023.10.04"]
[EventType "swiss"]
[EventCountry "GBR"]
[SourceTitle "playchess.com"]
[Source "ChessBase"]
[SourceQuality "1"]
[TimeControl "40/6000+30:20/3000+30:900+30"]

1. Nf3 Nf6 2. c4 c5 3. g3 Nc6 4. Bg2 e5 5. Nc3 g6 6. d3 Bg7 7. Nd2 d6 8. Nf1 O-O 9. Ne3 a6 10. a3 Rb8 11. Rb1 Ne7 12. b4 cxb4 13. axb4 Be6 14. b5 d5 15. cxd5 Nfxd5 16. Ncxd5 Nxd5 17. Nxd5 Bxd5 18. O-O a5 19. Qa4 Bxg2 20. Kxg2 h5 21. b6 Ra8 22. Be3 f5 23. f3 Qe8 24. Rb5 Kh7 25. Rc1 e4 26. dxe4 fxe4 27. fxe4 h4 28. Rc7 Qe6 29. Rd5 Rf7 30. Rxf7 Qxf7 31. Rd7 Qe6 32. Qd4 h3+ 33. Kg1 Rg8 34. Rxb7 Qb3 35. Kf2 Qb1 36. Qd7 Rf8+ 37. Bf4 Qb2 38. Qxg7+ Qxg7 39. Rxg7+ Kxg7 40. b7 g5 41. b8=Q 1-0

[Event "FIDE Womens Grand Swiss 2023"]
[Site "Douglas/Isle of Man"]
[Date "2023.11.01"]
[Round "7.14"]
[White "Javakhishvili, Lela"]
[Black "Hoang, Thanh Trang"]
[Result "1-0"]
[ECO "A14"]
[WhiteElo "2437"]
[BlackElo "2398"]
[Annotator "ChessBase"]
[PlyCount "139"]
[EventDate "2023.10.04"]
[EventType "swiss"]
[EventCountry "GBR"]
[SourceTitle "playchess.com"]
[Source "ChessBase"]
[SourceQuality "1"]
[TimeControl "40/6000+30:20/3000+30:900+30"]

1. c4 e6 2. g3 d5 3. Bg2 Nf6 4. Nf3 Be7 5. O-O O-O 6. b3 c6 7. Bb2 Nbd7 8. Nc3 b6 9. cxd5 cxd5 10. Rc1 Bb7 11. Nd4 a6 12. a3 Rc8 13. b4 Re8 14. d3 Bf8 15. b5 Nc5 16. a4 e5 17. bxa6 Bxa6 18. Ndb5 d4 19. Nb1 Qd7 20. N1a3 Bb7 21. Bxb7 Qxb7 22. Nc4 Re6 23. e3 dxe3 24. fxe3 Qd5 25. d4 Ncd7 26. dxe5 Rxc4 27. Qxd5 Nxd5 28. Rxc4 Nxe3 29. Rc8 Nxf1 30. Kxf1 g5 31. Rd8 Nxe5 32. Nc7 Rd6 33. Ra8 Nc4 34. Bc3 f5 35. Bb4 Rf6 36. Nd5 Rf7 37. Rc8 Ne5 38. Nxb6 f4 39. Rxf8+ Rxf8 40. Bxf8 Kxf8 41. gxf4 gxf4 42. a5 Nc6 43. a6 Na7 44. Nd5 Kf7 45. Kf2 Ke6 46. Nxf4+ Kd6 47. Nh5 Kc6 48. Nf6 h6 49. Ng8 Kb6 50. Nxh6 Kxa6 51. h4 Nc6 52. h5 Ne5 53. Ke3 Kb6 54. Ke4 Nd7 55. Kf5 Kc7 56. Nf7 Nf8 57. Kf6 Kd7 58. Ng5 Ke8 59. h6 Nd7+ 60. Kg7 Nf8 61. Kg8 Ke7 62. Ne4 Ke8 63. Nc5 Ke7 64. Kg7 Ke8 65. Nd3 Ne6+ 66. Kf6 Nf8 67. Nf4 Nh7+ 68. Kg6 Nf8+ 69. Kg7 Ne6+ 70. Nxe6 1-0